Map: Dusk Towers

Players

LilShark

  • Race: Zerg Zerg
  • League: Master

Bowman - Winner!

  • Race: Protoss Protoss
  • League: Grandmaster

VOD

Have the link to the VOD?

Description

Time

  • Played on: Feb. 11, 2016, 9:36 a.m.
  • Length: 11:57
Show
View Real Time Build Order
Export as new Build Order

LilShark Zerg 

Build Orders: 3 Hatch before Pool, Lurkers 

Get SALT Encoding   

  12  0:01  Drone  
  13  0:13  Overlord  
  13  0:18  Drone  
  14  0:32  Drone x2  
  16  0:37  Drone  
  17  0:52  Hatchery  
  17  0:55  Drone  
  17  0:58  Drone  
  18  1:17  Hatchery  
  17  1:21  Drone  
  18  1:40  Spawning Pool  
  18  1:41  Drone x2  
  19  1:47  Drone  
  19  1:52  Overlord  
  20  2:09  Drone x2  
  22  2:17  Drone x2  
  24  2:27  Queen x2  
  24  2:28  Zergling x2, Drone  
  30  2:33  Zergling x2  
  30  2:34  Queen  
  33  2:38  Drone x2  
  33  2:41  Drone  
  36  2:45  Overlord  
  36  2:56  Drone x3  
  39  3:00  Drone  
  39  3:02  Queen  
  42  3:06  Drone  
  42  3:07  Overlord  
  42  3:12  Drone x2  
  44  3:24  Drone x2  
  46  3:36  Hatchery  
  46  3:39  Drone x3  
  46  3:40  Drone x7  
  55  3:44  Zergling x4  
  55  3:46  Zergling x2  
  57  3:53  Extractor  
  57  3:55  Extractor x3  
  51  4:05  Drone x4  
  51  4:06  Drone x2  
  56  4:16  Drone x3  
  57  4:18  Drone  
  57  4:23  Spore Crawler  
  55  4:28  Spore Crawler  
  55  4:31  Spore Crawler  
  53  4:33  Drone x2  
  53  4:34  Drone x2  
  53  4:35  Drone  
  53  4:36  Overlord x3  
  58  4:43  Lair  
  58  4:50  Queen  
  58  4:51  Drone x3  
  58  4:52  Drone  
  64  4:54  Drone x3  
  64  4:55  Drone  
  64  4:56  Drone  
  69  5:03  Drone x4  
  69  5:04  Drone  
  69  5:05  Drone  
  69  5:06  Drone  
  76  5:08  Drone  
  77  5:15  Extractor  
  77  5:16  Extractor  
  77  5:19  Metabolic Boost  
  75  5:22  Drone, Roach Warren  
  75  5:23  Drone x2  
  75  5:24  Evolution Chamber  
  73  5:37  Overlord x3  
  73  5:43  Drone x3  
  73  5:45  Drone x7  
  73  5:46  Drone  
  73  5:49  Drone  
  85  5:50  Zerg Missile Weapons Level 1  
  85  5:51  Hydralisk Den  
  84  6:04  Glial Reconstitution  
  84  6:05  Roach x2, Extractor x2  
  84  6:06  Roach x5  
  96  6:21  Lurker Den  
  96  6:22  Hydralisk x3  
  96  6:23  Hydralisk x3  
  108  6:27  Overlord x2  
  108  6:37  Drone x2  
  108  6:38  Drone x2  
  108  6:39  Overlord x3  
  112  6:43  Overlord x3  
  112  6:44  Overseer  
  112  6:49  Overseer  
  112  6:55  Hydralisk  
  112  6:56  Hydralisk x4  
  112  6:58  Overlord  
  122  7:02  Drone x2  
  122  7:03  Drone  
  122  7:07  Overseer  
  125  7:31  Roach  
  125  7:32  Roach x10  
  147  7:43  Overlord x3  
  147  7:44  Zergling x2  
  147  7:45  Zergling x12  
  147  7:48  Muscular Augments  
  147  7:49  Lurker  
  147  7:50  Lurker x10  
  165  7:56  Ravager  
  165  7:57  Ravager  
  167  8:08  Zergling x2  
  167  8:09  Zergling x14  
  174  8:22  Roach  
  174  8:23  Roach x11  
  194  8:43  Hydralisk  
  194  8:44  Hydralisk x2  
  194  8:46  Overlord x3  
  199  8:52  Roach  
  199  8:55  Overlord  
  115  9:24  Hydralisk x15  
  130  9:36  Lurker x3  
  133  9:41  Hydralisk x3  
  133  9:42  Zergling x2  
  133  9:43  Zergling x2  
  141  9:49  Hatchery  
  89  10:31  Lurker  
  89  10:32  Lurker x2  
  88  10:36  Zergling x18  
  88  10:37  Zergling x6  
  95  10:46  Zergling x2  
  96  10:57  Roach x2  
  77  11:23  Hydralisk x8  
Show
View Real Time Build Order
Export as new Build Order

Bowman Protoss - Winner!

Build Orders: Nexus First, Oracle Opening, Zealot Archon 

Get SALT Encoding   

  12  0:01  Probe (Chrono Boost)  
  13  0:11  Probe (Chrono Boost)  
  14  0:17  Pylon  
  14  0:22  Probe (Chrono Boost)  
  15  0:36  Probe (Chrono Boost)  
  16  0:45  Assimilator  
  16  0:46  Probe (Chrono Boost)  
  18  0:57  Probe (Chrono Boost)  
  18  1:05  Nexus  
  18  1:09  Probe (Chrono Boost)  
  19  1:18  Gateway  
  19  1:21  Probe (Chrono Boost)  
  20  1:26  Assimilator  
  20  1:31  Probe (Chrono Boost)  
  21  1:38  Pylon  
  21  1:42  Probe (Chrono Boost)  
  22  1:52  Probe (Chrono Boost)  
  23  1:55  Gateway  
  23  2:03  Probe (Chrono Boost)  
  24  2:08  Cybernetics Core  
  24  2:13  Probe (Chrono Boost)  
  25  2:18  Probe (Chrono Boost)  
  26  2:24  Probe (Chrono Boost)  
  26  2:29  Probe (Chrono Boost)  
  28  2:34  Probe (Chrono Boost)  
  29  2:39  Probe (Chrono Boost)  
  30  2:45  Probe (Chrono Boost)  
  30  2:46  Adept x2 (Chrono Boost)  
  30  2:47  Warp Gate (Chrono Boost)  
  30  2:51  Probe  
  36  2:56  Probe  
  36  2:58  Stargate  
  37  3:02  Probe  
  38  3:14  Nexus  
  38  3:17  Sentry (Chrono Boost)  
  38  3:18  Sentry (Chrono Boost)  
  42  3:22  Pylon  
  42  3:24  Probe  
  42  3:25  Probe  
  44  3:34  Pylon  
  44  3:36  Probe  
  44  3:37  Assimilator  
  43  3:53  Probe x2  
  43  3:54  Sentry (Chrono Boost), Adept (Chrono Boost)  
  49  3:57  Oracle  
  52  4:06  Probe x2  
  52  4:19  Mothership Core, Probe  
  55  4:30  Probe  
  55  4:31  Probe  
  56  4:32  Assimilator  
  57  4:40  Probe  
  57  4:41  Probe  
  57  4:43  Probe  
  60  4:51  Probe  
  60  4:52  Probe  
  61  4:55  Probe, Gateway x2  
  61  4:58  Twilight Council  
  63  5:02  Probe, Forge  
  63  5:04  Probe  
  65  5:07  Adept, Probe  
  65  5:08  Adept  
  65  5:13  Probe (Chrono Boost)  
  70  5:16  Probe (Chrono Boost)  
  70  5:19  Probe (Chrono Boost)  
  73  5:25  Probe (Chrono Boost)  
  73  5:27  Probe (Chrono Boost)  
  75  5:30  Probe (Chrono Boost)  
  75  5:33  Protoss Ground Weapons Level 1  
  75  5:35  Charge (Chrono Boost), Probe (Chrono Boost), Assimilator  
  77  5:37  Assimilator  
  77  5:42  Pylon  
  77  5:44  Pylon  
  77  6:01  Probe x3 (Chrono Boost)  
  77  6:03  Robotics Facility  
  77  6:04  Zealot x4  
  82  6:05  Robotics Facility  
  82  6:10  Gateway  
  88  6:11  Probe (Chrono Boost), Gateway  
  88  6:12  Gateway  
  88  6:13  Templar Archives, Probe (Chrono Boost)  
  90  6:20  Pylon x2  
  90  6:22  Pylon  
  90  6:23  Pylon  
  90  6:26  Probe  
  90  6:28  Probe  
  92  6:38  Zealot x2  
  92  6:39  Zealot x2  
  100  6:46  Nexus  
  100  6:47  Pylon  
  100  6:51  Warp Prism (Chrono Boost)  
  100  6:52  Observer (Chrono Boost)  
  103  7:05  High Templar x4  
  111  7:12  Blink  
  111  7:13  Archon x2  
  111  7:17  Pylon  
  111  7:19  Pylon  
  111  7:20  High Templar x2  
  111  7:21  Photon Cannon  
  119  7:22  Immortal (Chrono Boost)  
  119  7:23  Pylon  
  119  7:26  Pylon, Archon, Immortal (Chrono Boost)  
  119  7:27  Protoss Ground Weapons Level 2  
  123  7:41  Zealot x5  
  133  7:57  Immortal (Chrono Boost)  
  137  8:02  Immortal (Chrono Boost)  
  137  8:04  High Templar x2  
  137  8:05  Zealot x5  
  149  8:09  Archon  
  149  8:10  Probe  
  149  8:12  Oracle  
  153  8:33  Zealot x5  
  163  8:39  Zealot x2  
  167  8:51  Pylon  
  167  8:52  Pylon  
  167  8:53  Pylon  
  167  8:55  Pylon  
  167  8:56  Pylon  
  167  8:58  Pylon x2  
  165  9:09  Zealot x5  
  131  9:10  Zealot x2  
  117  9:23  Probe x3  
  100  9:31  Zealot x4  
  108  9:40  Immortal x2 (Chrono Boost)  
  108  9:41  High Templar  
  108  9:42  High Templar  
  108  9:45  Dark Shrine  
  120  9:46  Archon  
  118  9:55  High Templar  
  118  9:57  High Templar  
  118  9:58  High Templar x2, Zealot  
  118  10:04  Archon x2  
  98  10:15  Zealot x2  
  98  10:23  Zealot  
  97  10:28  Zealot  
  98  10:36  Zealot x3  
  96  10:43  High Templar x2  
  96  10:45  Immortal x2 (Chrono Boost)  
  96  10:48  Zealot  
  110  10:50  Archon  
  110  10:55  Zealot  
  110  10:56  Void Ray  
  116  11:00  Dark Templar x2  
  116  11:01  Dark Templar  
  118  11:11  Mothership Core  
  117  11:19  High Templar, Immortal (Chrono Boost)  
  117  11:26  Observer (Chrono Boost)  
  117  11:28  Dark Templar x3  
  122  11:47  Dark Templar x3  
Tags
 
Add a new tag
Caveats
  • Supply blocks, unpowered buildings, or Contaminate may cause inaccurate times.
  • Supply counts are checked every 10 seconds.